Map: [G8] Gresvan

Players

HeroMarine - Winner!

  • Race: Terran Terran
  • Spawn Location: 11:00

Creator

  • Race: Protoss Protoss
  • Spawn Location: 5:00

Event: Gamers8 2023

VOD

Have the link to the VOD?

Description

Time

  • Played on: Aug. 3, 2023, 11:02 a.m.
  • Length: 10:08

All games in this series

Show
View Real Time Build Order
Export as new Build Order

HeroMarine Terran - Winner!

Build Orders:  

Get SALT Encoding   

  12  0:00  SCV  
  13  0:12  SCV  
  14  0:17  Supply Depot  
  14  0:24  SCV  
  15  0:38  SCV  
  15  0:40  Barracks  
  16  0:43  Refinery  
  16  0:51  SCV  
  16  0:52  Refinery  
  17  1:03  SCV  
  18  1:15  SCV  
  19  1:27  Orbital Command, Reaper  
  19  1:28  Supply Depot  
  20  1:41  Factory  
  20  1:53  SCV  
  21  1:59  Reaper  
  22  2:05  SCV  
  23  2:16  Command Center  
  23  2:17  SCV  
  24  2:25  Hellion  
  24  2:29  SCV  
  27  2:31  Barracks Reactor  
  27  2:38  Starport  
  27  2:41  SCV  
  28  2:45  Supply Depot  
  28  2:47  Factory Tech Lab  
  28  2:53  SCV  
  29  3:05  SCV  
  30  3:06  Cyclone  
  30  3:12  Marine x2  
  33  3:17  Medivac  
  33  3:18  SCV  
  38  3:30  Marine x2, SCV  
  38  3:31  Orbital Command  
  44  3:43  SCV  
  44  3:45  Barracks  
  44  3:48  Marine x2  
  42  3:50  Factory Tech Lab  
  42  3:55  SCV  
  45  3:58  Raven  
  45  3:59  SCV  
  45  4:01  Supply Depot  
  48  4:06  Marine x2  
  48  4:07  SCV  
  51  4:11  SCV  
  52  4:20  SCV  
  52  4:22  Siege Tank  
  52  4:23  SCV  
  57  4:24  Marine x2  
  58  4:32  SCV  
  58  4:35  Barracks, SCV  
  59  4:38  Bunker  
  59  4:44  Engineering Bay  
  59  4:45  SCV, Supply Depot  
  60  4:47  SCV  
  61  4:57  SCV  
  61  4:59  SCV  
  61  5:03  Refinery  
  61  5:06  Siege Tank, Stimpack, Supply Depot  
  66  5:07  Marauder, Marine x2  
  66  5:11  Supply Depot  
  66  5:14  SCV x2  
  70  5:19  Terran Infantry Weapons Level 1  
  70  5:20  Refinery  
  70  5:27  Marine x2, SCV x2  
  70  5:28  Marine  
  75  5:32  Supply Depot  
  75  5:37  Supply Depot  
  75  5:39  SCV  
  75  5:40  Starport Reactor  
  75  5:42  Marine  
  77  5:45  Marine x2, Factory Reactor  
  77  5:46  Marine  
  77  5:48  SCV  
  77  5:49  Combat Shield  
  81  5:51  SCV  
  81  5:55  Supply Depot  
  82  6:00  Marauder  
  82  6:04  Marauder, Marine x2  
  88  6:05  Supply Depot  
  86  6:20  Medivac  
  86  6:21  Medivac, Marine, SCV x2, Supply Depot  
  86  6:22  Marauder, Marine  
  102  6:25  Marauder, Widow Mine  
  102  6:26  Widow Mine  
  102  6:34  Missile Turret  
  102  6:39  Marine  
  102  6:41  Supply Depot  
  102  6:42  Marine  
  102  6:43  Marauder  
  102  6:46  Concussive Shells  
  107  6:47  Marauder  
  106  6:56  Medivac, Widow Mine  
  106  6:57  Marine, Widow Mine  
  106  6:59  Marine  
  112  7:04  Marauder  
  114  7:08  Marauder  
  114  7:10  Medivac  
  114  7:15  Marine  
  117  7:17  Marine  
  120  7:22  Widow Mine  
  120  7:24  Command Center  
  120  7:25  SCV x2  
  120  7:26  Marauder, Medivac, Supply Depot  
  125  7:33  Marine  
  126  7:38  Terran Infantry Armor Level 1  
  126  7:39  Supply Depot  
  126  7:48  Marauder x2  
  126  7:49  Marine  
  126  7:51  Marine  
  132  7:53  Barracks x2  
  132  7:54  Supply Depot  
  134  7:59  Widow Mine  
  134  8:00  Medivac, Widow Mine  
  134  8:03  Medivac  
  140  8:10  Marauder  
  134  8:18  Marauder, Marine x2  
  134  8:27  Widow Mine x2, SCV  
  134  8:28  SCV  
  134  8:30  Medivac  
  134  8:31  Marauder, Armory  
  134  8:33  Medivac  
  144  8:38  Marine x3  
  144  8:40  Orbital Command  
  147  8:46  Barracks Reactor, SCV x2, Barracks Tech Lab  
  147  8:50  Widow Mine x2  
  147  8:52  Marine  
  145  8:55  Marine  
  145  8:58  SCV x2, Orbital Command  
  145  9:00  Marauder  
  133  9:10  Marauder, Marine x2, SCV  
  133  9:11  SCV  
  133  9:12  Medivac x2  
  143  9:20  Widow Mine x2  
  143  9:21  Marauder, Marine  
  150  9:31  Marine  
  148  9:35  Marauder  
  148  9:36  Marine x2  
  153  9:41  Widow Mine x2  
Show
View Real Time Build Order
Export as new Build Order

Creator Protoss 

Build Orders: 1 Gate Expand, Phoenix Opening, Blink Stalkers 

Get SALT Encoding   

  12  0:00  Probe  
  13  0:12  Probe  
  14  0:18  Pylon  
  14  0:25  Probe (Chrono Boost)  
  15  0:37  Probe (Chrono Boost)  
  15  0:39  Gateway  
  16  0:45  Probe (Chrono Boost)  
  16  0:46  Assimilator  
  17  0:51  Probe  
  18  1:03  Probe  
  19  1:15  Probe  
  20  1:26  Cybernetics Core  
  20  1:32  Nexus  
  20  1:37  Pylon  
  20  1:40  Probe  
  20  1:45  Assimilator  
  21  1:52  Probe  
  22  1:59  Stalker (Chrono Boost)  
  22  2:02  Warp Gate  
  22  2:04  Probe  
  25  2:10  Shield Battery  
  25  2:16  Probe  
  25  2:22  Sentry  
  28  2:28  Probe (Chrono Boost)  
  29  2:38  Probe (Chrono Boost)  
  29  2:42  Twilight Council  
  31  2:44  Probe (Chrono Boost)  
  31  2:48  Probe (Chrono Boost)  
  31  2:49  Stalker  
  34  2:52  Phoenix  
  34  2:53  Probe (Chrono Boost)  
  34  2:56  Probe (Chrono Boost)  
  35  2:58  Probe (Chrono Boost)  
  35  3:03  Gateway  
  36  3:08  Probe  
  36  3:12  Blink (Chrono Boost)  
  37  3:15  Probe  
  38  3:20  Probe  
  39  3:27  Gateway  
  39  3:28  Probe  
  39  3:32  Probe  
  41  3:35  Robotics Facility  
  41  3:39  Pylon  
  41  3:42  Probe  
  41  3:46  Probe  
  43  3:50  Pylon  
  43  3:51  Stalker  
  43  3:54  Probe  
  46  3:58  Pylon  
  46  4:01  Stalker  
  48  4:08  Probe  
  48  4:09  Probe  
  50  4:15  Stalker  
  50  4:22  Immortal  
  54  4:24  Zealot  
  54  4:27  Zealot  
  58  4:32  Shield Battery  
  58  4:37  Pylon  
  56  4:39  Probe x2  
  56  4:41  Stalker  
  60  4:55  Nexus  
  60  4:59  Probe  
  62  5:00  Probe  
  62  5:02  Pylon  
  62  5:03  Observer  
  63  5:12  Stalker x2  
  63  5:13  Probe x2  
  69  5:18  Stalker  
  71  5:21  Pylon  
  71  5:25  Probe x2  
  73  5:35  Charge  
  73  5:37  Probe  
  73  5:38  Probe  
  73  5:41  Gateway  
  75  5:42  Gateway  
  75  5:46  Warp Prism (Chrono Boost)  
  75  5:49  Probe (Chrono Boost)  
  78  5:52  Sentry  
  78  5:54  Probe (Chrono Boost)  
  81  6:00  Observer  
  81  6:01  Gateway, Probe (Chrono Boost)  
  81  6:03  Zealot  
  85  6:05  Probe (Chrono Boost)  
  85  6:15  Probe x3  
  88  6:19  Gateway x2  
  88  6:24  Zealot x3  
  94  6:28  Forge  
  94  6:32  Shield Battery  
  94  6:35  Sentry  
  96  6:40  Stalker  
  98  6:52  Zealot  
  98  6:53  Stalker x2  
  104  6:56  Protoss Ground Weapons Level 1 (Chrono Boost), Nexus  
  104  6:59  Pylon  
  104  7:07  Stalker  
  106  7:09  Zealot  
  106  7:10  Shield Battery  
  106  7:14  Pylon  
  106  7:19  Zealot x5  
  116  7:23  Pylon  
  116  7:24  Pylon  
  116  7:28  Pylon  
  116  7:35  Zealot x3  
  120  7:38  Observer  
  120  7:40  Probe x3  
  124  7:46  Zealot x5  
  132  7:54  Cybernetics Core  
  132  7:55  Pylon  
  132  7:56  Pylon, Probe x3  
  132  7:57  Pylon  
  135  8:01  Zealot x3  
  123  8:15  Probe x2  
  123  8:16  Probe  
  120  8:20  Observer  
  120  8:21  Zealot x2  
  120  8:22  Zealot x2  
  120  8:25  Robotics Bay  
  128  8:29  Zealot x2  
  128  8:33  Shield Battery  
  132  8:35  Stalker  
  132  8:37  Robotics Facility  
  132  8:38  Probe  
  132  8:39  Probe x2  
  137  8:44  Zealot x4  
  141  8:51  Probe x2  
  133  9:00  Stalker  
  133  9:01  Zealot x2  
  115  9:10  Zealot x4  
  115  9:15  Colossus (Chrono Boost)  
  117  9:17  Assimilator  
  117  9:22  Zealot x2  
  127  9:27  Warp Prism (Chrono Boost), Gateway  
  127  9:29  Zealot, Gateway  
  127  9:31  Zealot x4  
  137  9:35  Photon Cannon  
  135  9:46  Zealot x2  
  119  9:55  Zealot x5  
Tags
 
Add a new tag
Caveats
  • Supply blocks, unpowered buildings, or Contaminate may cause inaccurate times.
  • Supply counts are checked every 10 seconds.